 Dungeon Crawl Stone Soup version 0.28-a0-657-g71136c5590 (webtiles) character file.

Game seed: 5538823878099086018

440 Anon1729 the Ruffian (level 6, -3/50 HPs)
             Began as a Palentonga Transmuter on Oct 13, 2021.
             Splashed by a jelly's acid (12 damage)
             ... on level 3 of the Dungeon.
             The game lasted 00:13:39 (4873 turns).

Anon1729 the Ruffian (Palentonga Transmuter)        Turns: 4873, Time: 00:13:40

Health: -3/50      AC:  3    Str: 14    XL:     6   Next: 70%
Magic:  11/11      EV: 10    Int: 15    God:
Gold:   132        SH:  0    Dex: 10    Spells: 8/11 levels left

rFire   . . .      SeeInvis +     - Unarmed
rCold   . . .      Faith    .   (no shield)
rNeg    . . .      Spirit   .   a - +0 robe
rPois   .          Reflect  .   (helmet currently unavailable)
rElec   .          Harm     .   (no cloak)
rCorr   .          Rampage  .   e - +2 pair of gloves
Will    .....                   (no barding)
Stlth   +.........              (no amulet)
HPRegen 0.16/turn               (no ring)
MPRegen 0.12/turn               (no ring)

@: appendages, corroded
A: horns 2, talons 2, large, rugged brown scales 3, see invisible, deformed
body, roll 1, armoured tail
a: Rolling Charge, End Transformation


You were on level 3 of the Dungeon.
You had temporarily grown beastly horns and talons.
You visited 1 branch of the dungeon, and saw 4 of its levels.
You also visited: Sewer.

You collected 132 gold pieces.

Inventory:

Missiles
 d - a curare-tipped dart
 h - 37 poisoned darts
Armour
 a - a +0 robe (worn)
 e - a +2 pair of gloves (worn)
 i - a +0 helmet (melded)
Wands
 t - a wand of flame (10)
Scrolls
 c - 3 scrolls of identify {unknown}
 f - 2 scrolls of fog {unknown}
 j - 2 scrolls of enchant armour {unknown}
 m - a scroll of teleportation {unknown}
 n - a scroll of enchant weapon {unknown}
 o - 2 scrolls of magic mapping {unknown}
 q - a scroll of blinking {unknown}
 r - a scroll of torment {unknown}
Potions
 b - 2 potions of heal wounds
 g - a potion of flight
 k - a potion of cancellation {unknown}
 l - 4 potions of haste
 p - a potion of magic
 s - a potion of curing


   Skills:
 + Level 3.1 Fighting
 + Level 3.0 Dodging
 + Level 4.2 Unarmed Combat
 + Level 3.4 Spellcasting
 + Level 3.5 Transmutations


You had 8 spell levels left.
You knew the following spells:

 Your Spells              Type           Power      Damage    Failure   Level
a - Beastly Appendage     Tmut           26%        N/A       4%          1
b - Wereblood             Tmut           13%        N/A       7%          2

Your spell library contained the following spells:

 Spells                   Type           Power      Damage    Failure   Level
 Spider Form              Tmut/Pois      3%         N/A       28%         3
 Dazzling Flash           Conj/Hex       4%         N/A       50%         3
 Portal Projectile        Hex/Tloc       4%         N/A       50%         3
 Ice Form                 Ice/Tmut       7%         N/A       67%         4
 Blade Hands              Tmut           6%         N/A       77%         5
 Agony                    Necr           2%         N/A       99%         5
 Excruciating Wounds      Necr           1%         N/A       99%         5
 Silence                  Hex/Air        1%         N/A       99%         5


Dungeon Overview and Level Annotations

Branches:
Dungeon (4/15)              Sewer (visited)
 Temple: D:4-7

Altars:
Ashenzari
Dithmenos
Elyvilon
Nemelex Xobeh
Ru
Uskayaw
Vehumet
The Shining One


Innate Abilities, Weirdness & Mutations

You have temporarily grown beastly horns and talons.
You are completely covered in rugged brown scales. (AC +3, +7% HP)
You have supernaturally acute eyesight. (SInv)
Armour fits poorly on your strangely shaped body.
You can roll at nearby foes to attack.
You have a long armoured tail.


Message History

You are too injured to fight recklessly!
You are too injured to fight recklessly!
There are monsters nearby!
The jelly hits you. The acid corrodes you!
You are splashed with acid!
* * * LOW HITPOINT WARNING * * *
Okay, then.
You see here 21 sling bullets.
You are no longer corroded.
There is a stone staircase leading down here.
The jelly jiggles.
You see here a +0 dagger.
There is a stone staircase leading up here.
The jelly barely misses you.
You climb upwards.
There is a stone staircase leading down here.
You are too injured to fight recklessly!
Casting: Beastly Appendage (safe; 4% risk of failure)
Confirm with . or Enter, or press ? or * to list all spells.
You grow a pair of large bovine horns.
Your feet morph into talons.
Your +0 helmet melds into your body.
The jelly hits you but does no damage.
You hit the jelly.
Your hands burn!
You headbutt the jelly. You punch the jelly, but do no damage.
The jelly is lightly wounded.
The jelly hits you but does no damage.
You hit the jelly. The acid corrodes you!
Your hands burn!
* * * LOW HITPOINT WARNING * * *
The jelly is lightly wounded.
The jelly hits you but does no damage.
You hit the jelly but do no damage.
Your hands burn!
* * * LOW HITPOINT WARNING * * *
The jelly is lightly wounded.
Aiming: Throw Flame
Press: ? - help, Shift-Dir - straight line, f - jelly
Aim: a jelly (lightly wounded, 100% to hit)
The puff of flame hits the jelly!
The jelly is severely wounded.
The jelly hits you.
* * * LOW HITPOINT WARNING * * *
You are splashed with acid!
You die...

.# #.##### #.#.......#
.######.....###.#######.#
.#......###.....# #.# #.#
P######## #############.#
P# ##P###.....#.# ##
#...##.###...# # #.P.##.#
###.# ##.###.#####.# ##
######@.......#
.##########....J.##.#####
..[..........######.#
.##########>.######.# ##
########..##.#
#.###.P#.....#
#.##P..#.##### #.#....#.#
### #.#....#.#


You could see a jelly.

Vanquished Creatures
  3 kobold brigands (Sewer)
  A scorpion (D:4)
  An iguana (D:3)
  4 adders
  2 river rats (Sewer)
  An adder skeleton (D:4)
  3 worms
  2 dart slugs (D:4)
  An orc (D:3)
  8 ball pythons
  5 endoplasms
  6 giant cockroaches
  6 goblins
  6 hobgoblins
  11 kobolds
  6 quokkas
  7 bats
  2 frilled lizards
  11 rats
86 creatures vanquished.

Vanquished Creatures (others)
  8 plants (D:2)
8 creatures vanquished.

Grand Total: 94 creatures vanquished

Notes
Turn   | Place    | Note
-------+----------+-------------------------------------------
     0 | D:1      | Anon1729 the Palentonga Transmuter began the quest for the
                  | Orb.
     0 | D:1      | Reached XP level 1. HP: 16/16 MP: 3/3
   653 | D:1      | Reached XP level 2. HP: 15/22 MP: 3/5
   744 | D:1      | Learned a level 2 spell: Wereblood
  1492 | D:2      | Reached XP level 3. HP: 27/27 MP: 4/6
  2227 | D:3      | Reached XP level 4. HP: 14/35 MP: 4/7
  2361 | D:3      | Found a white marble altar of Elyvilon.
  2704 | D:3      | Found a glowing drain.
  2761 | Sewer    | Entered a sewer
  2882 | Sewer    | Noticed a kobold brigand
  2923 | Sewer    | Reached XP level 5. HP: 34/40 MP: 5/9
  3111 | Sewer    | Reached skill level 4 in Unarmed Combat
  3111 | Sewer    | Reached XP level 6. HP: 10/49 MP: 10/10
  4095 | D:3      | Found a faded altar of an unknown god.
  4669 | D:4      | Found a glowing golden altar of the Shining One.
  4678 | D:4      | Found a shadowy altar of Dithmenos.
  4724 | D:4      | Found a sparkling altar of Nemelex Xobeh.
  4727 | D:4      | Found a hide-covered altar of Uskayaw.
  4729 | D:4      | Found a radiant altar of Vehumet.
  4729 | D:4      | Found a broken altar of Ashenzari.
  4806 | D:4      | Found a sacrificial altar of Ru.
  4873 | D:3      | Splashed by a jelly's acid

Illustrated notes

Levels and vault maps discovered:
D:1:      dpeg_arrival_refuge, layout_basic, minmay_misc_feat_x
D:2:      layout_loops_cross, serial_forest, infiniplex_forest_clump_long,
          infiniplex_forest_straight_3, infiniplex_forest_lined_3,
          infiniplex_forest_clump_small, infiniplex_forest_clump_curved,
          infiniplex_forest_corner_1, minmay_pentomino_x4
D:3:      layout_loops_ring, nicolae_elyvilon_peaceful_grove, serial_aquarium,
          aquarium_bridge_long_separate [aquarium_subvault_wall,
          aquarium_subvault_bridge, aquarium_subvault_wall,
          aquarium_subvault_wall, aquarium_subvault_bridge,
          aquarium_subvault_balcony], aquarium_bridge_square
          [aquarium_subvault_balcony, aquarium_subvault_wall,
          aquarium_subvault_bridge, aquarium_subvault_window],
          aquarium_window_corner, aquarium_window_corridor_3,
          aquarium_window_corner, aquarium_window_1, aquarium_view_2a,
          aquarium_view_2d, hellmonk_ecumenical_altar_zigzags,
          gup_sewer_entry_glass
D:4:      minmay_razor_zed, layout_loops_ring, mainiacjoe_overflow_paths,
          mainiacjoe_overflow_cross_hatched, grunt_temple_overflow_open,
          amethyst_overflow_temple_binary, corexii_shack

Skill      XL: |  1  2  3  4  5  6 |
---------------+-------------------+-----
Dodging        | 2 3 |  3.0
Fighting       | 2 3 |  3.1
Spellcasting   | 3 |  3.4
Transmutations | 3 |  3.5
Unarmed Combat | 4 |  4.2

Action                   |  1- 3 |  4- 6 || total
-------------------------+-------+-------++-------
Melee: Unarmed           |   123 |   198 ||   321
       Kick              |    16 |    13 ||    29
       Tailslap          |    16 |    19 ||    35
       Headbutt          |     5 |    10 ||    15
       Punch             |       |     1 ||     1
Throw: Dart              |       |     1 ||     1
 Cast: Beastly Appendage |    19 |    13 ||    32
       Wereblood         |     1 |     3 ||     4
 Abil: Rolling Charge    |       |     2 ||     2
Evoke: Wand              |       |     1 ||     1
  Use: Potion            |       |     6 ||     6
 Stab: Sleeping          |     1 |       ||     1
Armor: Robe              |    46 |    59 ||   105
Dodge: Dodged            |    56 |    89 ||   145

Table legend: (Time is in decaauts)
 A = Elapsed time spent in this place.
 B = Non-inter-level travel time spent in this place.
 C = Inter-level travel time spent in this place.
 D = Time resting spent in this place.
 E = Time spent auto-exploring this place.
 F = Levels seen in this place.
 G = Mean time per level.
                   A        B        C        D        E       F      G
               +--------+--------+--------+--------+--------+-----+--------+
         Total |   4929 |   4770 |    159 |   1182 |   2482 |   5 |  985.8 |
       Dungeon |   3787 |   3628 |    159 |    609 |   2189 |   4 |  946.8 |
         Sewer |   1142 |   1142 |      0 |    573 |    292 |   1 | 1142.0 |
               +--------+--------+--------+--------+--------+-----+--------+

Top non-repeatable levels by time:
     D:1: 1417 daAuts
     D:3: 1233 daAuts
   Sewer: 1142 daAuts
     D:2: 748 daAuts
     D:4: 387 daAuts
